AoeStats
← AlexAlmi

Arabia

510071320Analyzed
1v1 RM · 3d ago on Sep 29, 2026· 77m 48s· 2 players
Game mode
Random Map
Map size
Tiny (2 player)
Population
200
Speed
Normal
Resources
Standard
Victory
Conquest
Starting age
Dark Age
Ending age
Imperial Age
RankedLock teamsTeams togetherTeam positionsShared explorationLock speedFull tech treeHidden civsTurbo modeCheats
Victory
Defeat
🇸🇮 Inca · Slovenia
826
+14
🇪🇸 Franks · Spain
790
-14
AlexAlmi
5:47 Loom
11:47 Feudal Age
14:55 Double-Bit Axe
17:49 Castle Age
21:34 Gold Mining
22:26 Husbandry
22:38 Scale Barding Armor
24:48 Forging
27:19 Chain Barding Armor
27:35 Husbandry
28:14 Iron Casting
29:28 Wheelbarrow
37:13 Imperial Age
37:41 Cavalier
40:02 Plate Barding Armor
40:27 Blast Furnace
40:12 Gold Shaft Mining
39:32 Stone Mining
40:32 Hand Cart
41:12 Bow Saw
42:34 Paladin
49:53 Town Watch
59:57 Light Cavalry
68:00 Conscription
Franchesko
13:32 Feudal Age
14:38 Horse Collar
14:48 Double-Bit Axe
14:42 Champi Runner
17:34 Arson
23:18 Scale Mail Armor
24:23 Loom
25:10 Forging
28:49 Castle Age
28:06 Fletching
28:18 Padded Archer Armor
29:52 Chain Mail Armor
30:14 Iron Casting
29:01 Pikeman
29:44 Squires
32:05 Bodkin Arrow
35:22 Heavy Plow
35:35 Bow Saw
35:18 Gold Mining
39:59 Stone Mining
40:46 Gold Shaft Mining
40:40 Town Watch
41:43 Wheelbarrow
42:25 Stone Shaft Mining
45:36 Imperial Age
43:28 Hand Cart
44:07 Andean Sling
43:30 Elite Skirmisher
43:52 Champi Warrior
47:23 Chemistry
46:19 Murder Holes
46:35 Masonry
46:39 Fabric Shields
47:28 Plate Mail Armor
47:59 Blast Furnace
46:21 Halberdier
51:11 Ballistics
52:57 Elite Kamayuk
54:13 Hoardings
69:56 Conscription
70:55 Elite Champi Warrior
72:06 Bracer
72:21 Leather Archer Armor
75:06 Siege Engineers
74:41 Treadmill Crane
75:57 Crop Rotation
77:28 Sappers
78:55 Ring Archer Armor
78:28 Town Patrol
Connection lost

Rejoining the realm…

Still unreachable

The connection could not be restored.

Session expired

The server has moved on; the page needs a fresh start.